 Dungeon Crawl Stone Soup version 0.31-a0-233-g139696dc86 (webtiles) character file.

Game seed: 9317320301228653209

4520 olmar the Protected (level 10, -4/81 HPs)
             Began as an Armataur Fighter on July 8, 2023.
             Slain by an orc knight
             ... wielding a +0 war axe
              (18 damage)
             ... in a bailey.
             The game lasted 00:10:22 (8348 turns).

olmar the Protected (Armataur Fighter)              Turns: 8348, Time: 00:10:23

Health: -4/81      AC: 18    Str: 25    XL:     10   Next: 17%
Magic:  10/10      EV:  5    Int:  8    God:
Gold:   373        SH:  5    Dex: 11    Spells: 9/9 levels left

rFire   . . .        k - +1 flail (freeze)
rCold   . . .        c - +0 buckler
rNeg    + . .        l - +0 chain mail
rPois   .            (no helmet)
rElec   .            (no cloak)
rCorr   +            (no gloves)
SInv    .            h - +0 barding
Will    .....        (no amulet) Stlth
                     t - ring of resist corrosion
HPRegen 0.33/turn    y - ring of positive energy
MPRegen 0.12/turn

%: clarity, roll
@: mighty, attractive, hasted, very quick
A: large, rugged brown scales 3, deformed body, armoured tail, roll, long
tongue, awkward tongue, talons 1, iridescent scales 1, clarity, frail 1, wild
magic 1
a: no special abilities


You were in a bailey.
You visited 2 branches of the dungeon, and saw 9 of its levels.
You also visited: Bailey.

You collected 373 gold pieces.

Inventory:

Hand Weapons
 a - a +0 flail
 k - a +1 flail of freezing (weapon)
Armour
 b - a +0 scale mail
 c - a +0 buckler (worn)
 h - a +0 barding (worn)
 l - a +0 chain mail (worn)
Jewellery
 t - a ring of resist corrosion (left hand)
 y - a ring of positive energy (right hand)
Scrolls
 g - 2 scrolls of fog
 i - a scroll of vulnerability
 j - a scroll of enchant armour {unknown}
 s - a scroll of brand weapon
 x - a scroll of enchant weapon {unknown}
 z - a scroll of butterflies {unknown}
Potions
 d - a potion of cancellation
 e - 4 potions of enlightenment
 o - a potion of brilliance
 p - a potion of magic


   Skills:
 + Level 6.4 Fighting
 + Level 9.3 Maces & Flails
 + Level 9.9 Armour
 + Level 1.0 Dodging
 + Level 6.0 Shields


You had 9 spell levels left.
You didn't know any spells.
Your spell library contained the following spells:

 Spells                   Type           Power      Damage    Failure   Level
 Iskenderun's Battlesphe  Conj           0%         2d6       100%        5
 Leda's Unmaking          Conj/Erth      0%         9d1       100%        6
 Spellforged Servitor     Conj/Summ      0%         N/A       100%        7


Dungeon Overview and Level Annotations

Branches:
Dungeon (8/15)             Temple (1/1) D:7          Bailey (1/1)
   Lair: D:8-11

Altars:
Elyvilon
Fedhas
Hepliaklqana
Makhleb
Okawaru
Qazlal
Ru
Sif Muna
Trog
Uskayaw
Wu Jian
Xom
Yredelemnul
Zin
The Shining One


Innate Abilities, Weirdness & Mutations

You are completely covered in rugged brown scales. (AC +3, +7% HP)
Armour fits poorly on your strangely shaped body.
You have a long armoured tail.
You roll when moving toward enemies. (Rampage)
Your long tongue fully drains potion bottles. (2x potion effects)
Your tongue gives you trouble enunciating. (1.5x scroll delay)
You have sharp toenails.
You are partially covered in iridescent scales. (AC +2)
You possess an exceptional clarity of mind.
You are frail. (-10% HP)
Your spells are a little harder to cast, but a little more powerful.


Message History

Unknown command.
The ice encasing you melts away.
Your surroundings suddenly seem different.
You aren't carrying any items that you can evoke.
As you slowly read the scroll of fog, it dissolves into smoke.
You see here a +0 leather armour.
There is a large broken door, spattered with blood here.
Things that are here:
a +0 broad axe; a +0 hand axe You close the gate, pushing everything out of the way.
Items here: )) [[.
The orc knight is attracted toward you.
Things that are here:
a +0 hand axe; a +0 leather armour You aren't carrying any items that you can evoke.
Okay, then.
As you slowly read the scroll labelled LILUATT UKOR, it crumbles to dust.
It is a scroll of amnesia.
You feel forgetful for a moment.
You sock the orc knight! You freeze the orc knight!
The orc knight is moderately wounded.
Unknown command.
You completely miss the orc knight.
The orc knight is moderately wounded.
The orc knight hits you with a +0 war axe!
* * * LOW HITPOINT WARNING * * *
You closely miss the orc knight.
The orc knight is moderately wounded.
The orc knight hits you with a +0 war axe.
* * * LOW HITPOINT WARNING * * *
Unknown command.
Unknown command.
You hit the orc knight. You freeze the orc knight.
You tail-slap the orc knight, but do no damage.
The orc knight is heavily wounded.
Unknown command.
You closely miss the orc knight.
The orc knight is heavily wounded.
The orc knight hits you with a +0 war axe!!
You die...

.+.....#..o§§..# ..o#≈≈≈≈≈#
.#.....'.8§8§8§# ..#≈≈≈≈≈#
############§§§######≈≈≈≈≈#
.'.# #§§§§..#.~≈≈≈≈≈# .#
#§§§§[[#.~≈≈≈≈.###### .#
#####''#.~≈≈≈≈......#
######
#..)))#.~≈≈≈≈......##
.8.8..
#..)o[+..............
......
#..⌠@)+..........∩..∩
.8.8..
#.....+..............
######
#.....#.~≈≈≈≈......## .#
#####''#.~≈≈≈≈......# [#
#......#.~≈≈≈≈.###### ['.#
#..)...#.~≈≈≈≈≈#
############...######≈≈≈≈≈#
.#.....)(8.8.8.# #≈≈≈≈≈#
)'..o..#)......# #≈≈≈≈≈#


You could see an orc knight.

Vanquished Creatures
  A rime drake (Bailey)
  An unseen horror zombie (D:7)
  Grinder (D:3)
  4 yaks (D:7)
  A steam dragon (Bailey)
  3 water moccasins
  8 orc warriors
  A black bear (D:5)
  2 hornet zombies (D:7)
  A sky beast (D:6)
  2 phantoms
  2 necrophages (D:7)
  A wyvern zombie (D:7)
  5 scorpions
  2 wights (D:7)
  4 electric eels (Bailey)
  4 hounds
  A human zombie (D:7)
  2 orc priests (D:7)
  A gnoll bouda (D:5)
  A sleepcap (D:6)
  4 iguanas
  Jessica (D:2)
  An orc wizard (D:7)
  A killer bee zombie (D:7)
  2 mummies (D:7)
  7 gnolls
  6 adders
  A shadow imp (D:4)
  2 ufetubi
  2 worms
  4 dart slugs
  11 orcs
  9 endoplasms
  6 giant cockroaches
  13 goblins
  9 hobgoblins
  2 jackals
  4 quokkas
  9 ball pythons
  7 bats
  5 frilled lizards
  4 kobolds
  7 rats
165 creatures vanquished.

Vanquished Creatures (others)
  A swamp drake (Bailey)
1 creature vanquished.

Grand Total: 166 creatures vanquished

Notes
Turn   | Place    | Note
-------+----------+-------------------------------------------
     0 | D:1      | olmar the Armataur Fighter began the quest for the Orb.
     0 | D:1      | Reached XP level 1. HP: 19/19 MP: 1/1
   117 | D:1      | Reached XP level 2. HP: 26/26 MP: 2/2
   723 | D:2      | Identified the +0 leather armour "Beroocia" {rN+}
   786 | D:2      | Reached XP level 3. HP: 20/33 MP: 3/3
   852 | D:2      | Noticed Jessica
   867 | D:2      | Killed Jessica
  1078 | D:2      | Reached XP level 4. HP: 5/40 MP: 4/4
  1975 | D:3      | Noticed Grinder
  1979 | D:3      | Paralysed by Grinder for 5 turns
  1987 | D:3      | Killed Grinder
  1988 | D:3      | Reached skill level 5 in Armour
  1988 | D:3      | Reached XP level 5. HP: 35/49 MP: 5/5
  1988 | D:3      | Reached XP level 6. HP: 40/55 MP: 6/6
  2596 | D:4      | Found a blossoming altar of Fedhas.
  2754 | D:4      | Found a white marble altar of Elyvilon.
  2842 | D:4      | Noticed a water moccasin
  2850 | D:4      | Gained mutation: You are frail. (-10% HP) [potion of
                  | mutation]
  2850 | D:4      | Gained mutation: You have hidden genetic potential. [potion
                  | of mutation]
  2850 | D:4      | Gained mutation: You possess an exceptional clarity of
                  | mind. [potion of mutation]
  2850 | D:4      | Gained mutation: Your spells are a little harder to cast,
                  | but a little more powerful. [potion of mutation]
  2853 | D:4      | Killed a water moccasin
  2854 | D:4      | Reached skill level 5 in Maces & Flails
  2854 | D:4      | Reached XP level 7. HP: 30/57 MP: 7/7
  3155 | D:5      | Entered Level 5 of the Dungeon
  3560 | D:5      | Gained mutation: You have sharp toenails. [hidden
                  | potential]
  4383 | D:6      | Reached XP level 8. HP: 64/64 MP: 8/8
  4569 | D:6      | Gained mutation: You are partially covered in iridescent
                  | scales. (AC +2) [hidden potential]
  4569 | D:6      | Lost mutation: You have hidden genetic potential. [hidden
                  | potential expressed]
  5017 | D:7      | Reached skill level 5 in Fighting
  5017 | D:7      | Reached skill level 5 in Shields
  5030 | D:7      | Reached XP level 9. HP: 9/71 MP: 9/9
  5350 | D:7      | Found a staircase to the Ecumenical Temple.
  5461 | Temple   | Entered the Ecumenical Temple
  6331 | D:7      | Found a basalt altar of Yredelemnul.
  6442 | D:8      | Found a flagged portal.
  6465 | Bailey   | Entered a bailey
  7078 | Bailey   | Reached XP level 10. HP: 31/80 MP: 10/10
  8217 | Bailey   | Noticed an orc knight
  8217 | Bailey   | Noticed an orc knight
  8329 | Bailey   | Reached skill level 1 in Dodging
  8348 | Bailey   | Slain by an orc knight

Illustrated notes

Levels and vault maps discovered:
D:1:      spicycebolla_arrival_xxxplode, layout_basic
D:2:      minmay_chambers_of_twos, layout_basic, minmay_misc_feat_hallway,
          hangedman_glass_teeth, uniq_jessica
D:3:      layout_basic, uniq_grinder
D:4:      layout_cave_pools, elyvilon_altar_4, mainiacjoe_overflow_boulevard,
          nrook_campfire
D:5:      layout_loops_ring, kennysheep_generic_room_9
D:6:      layout_basic, palyth_stone_intersect
D:7:      layout_basic, lemuel_mausoleum_altar_yredelemnul,
          minmay_temple_entry_stoned_glass, nicolae_twisty_statue_hallways
D:8:      gammafunk_indiana_jones, layout_gridville, kennysheep_little_box,
          enter_bailey_3
Temple:   hellmonk_temple_flake
Bailey:   bailey_axe_of_yendor_kennysheep, bailey

Skill      XL: |  1  2  3  4  5  6  7  8  9 10 |
---------------+-------------------------------+-----
Fighting       | 3 4 5 6 |  6.4
Armour         | 4 5 6 7 9 |  9.9
Maces & Flails | 2 3 5 6 7 9 |  9.3
Shields        | 4 5 6 |  6.0
Dodging        | 1 |  1.0

Action                     |  1- 3 |  4- 6 |  7- 9 | 10-12 || total
---------------------------+-------+-------+-------+-------++-------
  Melee: Flail             |    83 |   159 |   368 |    48 ||   658
         Tailslap          |     8 |    15 |    44 |     3 ||    70
  Throw: Throwing net      |       |       |       |     1 ||     1
  Evoke: Wand              |       |       |     1 |     2 ||     3
    Use: Potion            |       |     4 |     2 |     6 ||    12
         Scroll            |       |     2 |     8 |     4 ||    14
   Stab: Invisible         |       |       |     1 |       ||     1
 Armour: Scale mail        |    47 |   125 |   111 |       ||   283
         Chain mail        |       |       |   105 |     8 ||   113
  Dodge: Dodged            |    36 |    29 |    61 |     7 ||   133
  Block: Buckler           |    26 |    27 |    72 |     6 ||   131

Table legend: (Time is in decaauts)
 A = Elapsed time spent in this place.
 B = Non-inter-level travel time spent in this place.
 C = Inter-level travel time spent in this place.
 D = Time resting spent in this place.
 E = Time spent auto-exploring this place.
 F = Levels seen in this place.
 G = Mean time per level.
                   A        B        C        D        E       F      G
               +--------+--------+--------+--------+--------+-----+--------+
         Total |   8428 |   8099 |    329 |   2351 |   4236 |  10 |  842.8 |
       Dungeon |   6407 |   6088 |    319 |    944 |   4050 |   8 |  800.9 |
        Temple |    155 |    145 |     10 |      0 |    133 |   1 |  155.0 |
        Bailey |   1865 |   1865 |      0 |   1407 |     53 |   1 | 1865.0 |
               +--------+--------+--------+--------+--------+-----+--------+

Top non-repeatable levels by time:
  Bailey: 1865 daAuts
     D:7: 1593 daAuts
     D:2: 1138 daAuts
     D:5: 1016 daAuts
     D:1: 699 daAuts
     D:4: 696 daAuts
     D:3: 695 daAuts
     D:6: 540 daAuts
  Temple: 155 daAuts
     D:8: 28 daAuts
